 Dungeon Crawl Stone Soup version 0.31-a0-237-g2d982f9f85 (webtiles) character file.

Game seed: 15770306907478662611

411 qw the Shooter (level 6, 0/53 HPs)
             Began as a Minotaur Hexslinger on July 10, 2023.
             Slain by a lemure (3 damage)
             ... led by Pikel
             ... on level 4 of the Dungeon.
             The game lasted 00:01:08 (2697 turns).

qw the Shooter (Minotaur Hexslinger)                Turns: 2697, Time: 00:01:08

Health: 0/53       AC: 12    Str: 13    XL:     6   Next: 58%
Magic:  6/6        EV: 11    Int: 10    God:
Gold:   33         SH:  0    Dex: 14    Spells: 6/7 levels left

rFire   . . .        Y - +3 sling
rCold   + . .        (no shield)
rNeg    . . .        f - +0 ring mail
rPois   .            (helmet restricted)
rElec   .            k - +0 cloak
rCorr   .            e - +1 pair of gloves
SInv    .            (no boots)
Will    .....        (no amulet)
Stlth   +            c - +4 ring of protection
HPRegen 0.28/turn    l - ring of protection from cold
MPRegen 0.10/turn

%: no passive effects
@: about to teleport
A: horns 2, retaliatory headbutt, wild magic 1
a: no special abilities


You were on level 4 of the Dungeon.
You visited 1 branch of the dungeon, and saw 4 of its levels.

You collected 130 gold pieces.
You spent 97 gold pieces at shops.


Innate Abilities, Weirdness & Mutations

You have a pair of horns on your head.
You reflexively headbutt those who attack you in melee.
Your spells are a little harder to cast, but a little more powerful.


   Skills:
 - Level 4.3 Fighting
 + Level 6.6 Ranged Weapons
 - Level 1.0 Armour
 - Level 2.1 Dodging
 - Level 1.0 Spellcasting
 - Level 2.0 Hexes


You had 6 spell levels left.
You knew the following spells:

 Your Spells              Type           Power      Damage    Failure   Level
a - Slow                  Hex            20%        N/A       41%         1

Your spell library contained the following spells:

 Spells                   Type           Power      Damage    Failure   Level
 Inner Flame              Hex/Fire       3%         N/A       87%         3
 Portal Projectile        Hex/Tloc       6%         N/A       87%         3
 Cause Fear               Hex            2%         N/A       98%         4

Inventory:

Hand Weapons
 Y - a +3 sling (weapon)
Armour
 e - a +1 pair of gloves (worn)
 f - a +0 ring mail (worn)
 k - a +0 cloak (worn)
Jewellery
 c - a +4 ring of protection (left hand)
 l - a ring of protection from cold (right hand)
Scrolls
 a - a scroll of torment {unknown}
 h - a scroll of teleportation
Potions
 b - a potion of ambrosia {unknown}
 d - a potion of might {unknown}
 g - a potion of magic {unknown}
 i - a potion of degeneration {unknown}
 j - a potion of attraction {unknown}

Dungeon Overview and Level Annotations

Branches:
Dungeon (4/15)
 Temple: D:4-7

Altars:
Elyvilon
Fedhas
Ru

Shops:
D:4 ?

Annotations:
D:3 2 transporters
D:4 Pikel


Message History

The sling bullet barely misses the lemure.
Pikel hits you but does no damage. The lemure hits you but does no damage.
The lemure misses you.
You shoot a sling bullet. The sling bullet hits the lemure.
The lemure is almost dead.
Pikel closely misses you. The lemure barely misses you.
You furiously retaliate!
You headbutt the lemure!
You kill the lemure!
That felt strangely unrewarding.
You shoot a sling bullet. The sling bullet closely misses Pikel.
Pikel barely misses you. The lemure hits you. The lemure closely misses you.
You shoot a sling bullet. The sling bullet barely misses Pikel.
Pikel hits you with a +0 whip of freezing.
The lemure barely misses you. The lemure closely misses you.
You shoot a sling bullet. The sling bullet misses Pikel.
Pikel hits you but does no damage. The lemure barely misses you.
The lemure hits you.
You shoot a sling bullet.
The sling bullet hits Pikel but does no damage.
Pikel is heavily wounded.
Pikel barely misses you.
The lemure hits you but does no damage. x2
You shoot a sling bullet. The sling bullet barely misses Pikel.
Pikel hits you with a +0 whip of freezing.
Pikel freezes you.
The lemure hits you but does no damage. x2
Pikel barely misses you. You furiously retaliate!
You headbutt Pikel. The lemure hits you but does no damage.
The lemure closely misses you. You furiously retaliate!
You headbutt the lemure. You shoot a sling bullet. The sling bullet hits Pikel!
Pikel is severely wounded.
Pikel hits you with a +0 whip of freezing!
The lemure hits you. The lemure barely misses you.
2696 ||| READING 2 scrolls of teleportation.
As you read the scroll of teleportation, it crumbles to dust.
You feel strangely unstable.
Pikel hits you with a +0 whip of freezing!
Pikel freezes you. The lemure barely misses you. The lemure hits you.
You shoot a sling bullet. The sling bullet hits Pikel.
Pikel is almost dead.
Pikel hits you but does no damage. The lemure hits you.
You die...

........# #...##.#
#..........# #...##..
#..........#####...##.#
#....).....##..#.......
#......)...##..#...##.#
#..........##..#.######
##.........%##..#.#
#.....55....)%..#.#
#....K@....##.##.#
......###.####....#
..... #.# #.#### ....
#.# #.# ... #.# ### ..
..# . #.# #.#


You could see Pikel and 2 lemures.

Vanquished Creatures
  An ice beast (D:3)
  A black bear (D:4)
  An ogre (D:4)
  2 lemures (D:4)
  An orc wizard (D:4)
  4 adders
  A worm (D:4)
  A dart slug (D:1)
  6 orcs
  10 endoplasms
  7 giant cockroaches
  12 goblins
  3 hobgoblins
  4 jackals (D:2)
  3 quokkas
  4 ball pythons
  3 bats
  2 frilled lizards
  4 kobolds
  4 rats (D:1)
74 creatures vanquished.

Notes
Turn   | Place    | Note
-------+----------+-------------------------------------------
     0 | D:1      | qw the Minotaur Hexslinger began the quest for the Orb.
     0 | D:1      | Reached XP level 1. HP: 16/16 MP: 1/1
     0 | D:1      | 0 ||| qw: Version: 0.3-a-52-g30416fa
     0 | D:1      | 0 ||| qw: Game counter: 5281
     0 | D:1      | 0 ||| qw: Melee chars always use a shield: true
     0 | D:1      | 0 ||| qw: God list: Okawaru
     0 | D:1      | 0 ||| qw: Allow faded altars: false
     0 | D:1      | 0 ||| qw: Do Orc after clearing Dungeon:15 true
     0 | D:1      | 0 ||| qw: Do second Lair branch before Depths: true
     0 | D:1      | 0 ||| qw: Lair rune preference: random
     0 | D:1      | 0 ||| qw: Goals: Normal
     0 | D:1      | 0 ||| PLANNING D:1-11
   272 | D:1      | Reached skill level 3 in Ranged Weapons
   273 | D:1      | Reached XP level 2. HP: 23/23 MP: 2/2
   297 | D:1      | Found a faded altar of an unknown god.
   662 | D:1      | 662 ||| UPGRADING to +0 ring mail.
   672 | D:1      | 672 ||| DROPPING +0 robe.
   673 | D:1      | 673 ||| UPGRADING to +0 cloak.
   678 | D:1      | 678 ||| READING 2 scrolls labelled YTIUSO UCWEKKE.
   679 | D:1      | 679 ||| READING scroll of enchant weapon.
   679 | D:1      | 679 ||| ENCHANTING +2 sling.
   680 | D:1      | 680 ||| READING 3 scrolls labelled KAPAIGG WALAI.
   684 | D:1      | 684 ||| DRINKING 2 fizzy orange potions.
   704 | D:1      | 704 ||| DROPPING scroll of poison.
   705 | D:1      | 705 ||| DROPPING potion of lignification.
   796 | D:2      | Found a white marble altar of Elyvilon.
   852 | D:2      | Reached XP level 3. HP: 29/29 MP: 3/3
   952 | D:2      | Reached skill level 4 in Ranged Weapons
  1090 | D:2      | Reached skill level 1 in Armour
  1387 | D:2      | 1387 ||| UPGRADING to +0 pair of gloves.
  1392 | D:2      | 1392 ||| READING scroll labelled QIT OG TEAWY.
  1393 | D:2      | 1393 ||| DRINKING 3 purple potions.
  1393 | D:2      | Gained mutation: Your mind is acute. (Int +4, Str/Dex -1)
                  | [potion of mutation]
  1393 | D:2      | Lost mutation: Your mind is acute. (Int +4, Str/Dex -1)
                  | [potion of mutation]
  1393 | D:2      | Gained mutation: You sometimes lose your temper in combat.
                  | [potion of mutation]
  1394 | D:2      | 1394 ||| DRINKING 2 potions of mutation.
  1394 | D:2      | Lost mutation: You sometimes lose your temper in combat.
                  | [potion of mutation]
  1394 | D:2      | Gained mutation: You have large cloven feet. [potion of
                  | mutation]
  1394 | D:2      | Gained mutation: You are partially covered in large bone
                  | plates. (SH +4) [potion of mutation]
  1394 | D:2      | Gained mutation: You are frail. (-10% HP) [potion of
                  | mutation]
  1395 | D:2      | 1395 ||| DRINKING potion of mutation.
  1395 | D:2      | Lost mutation: You are frail. (-10% HP) [potion of
                  | mutation]
  1395 | D:2      | Lost mutation: You are partially covered in large bone
                  | plates. (SH +4) [potion of mutation]
  1395 | D:2      | Lost mutation: You have large cloven feet. [potion of
                  | mutation]
  1395 | D:2      | Gained mutation: Your spells are a little harder to cast,
                  | but a little more powerful. [potion of mutation]
  1536 | D:3      | Noticed an ice beast
  1553 | D:3      | HP: 3/29 [ice beast (13)]
  1554 | D:3      | 1554 ||| READING 3 scrolls of teleportation.
  1557 | D:3      | Killed an ice beast
  1558 | D:3      | Reached skill level 5 in Ranged Weapons
  1558 | D:3      | Reached XP level 4. HP: 6/36 MP: 4/4
  1558 | D:3      | Reached XP level 5. HP: 7/41 MP: 5/5
  1759 | D:3      | Found a transporter.
  1796 | D:3      | Found a transporter.
  1901 | D:3      | Found a blossoming altar of Fedhas.
  1985 | D:3      | Found a sacrificial altar of Ru.
  2019 | D:3      | 2019 ||| UPGRADING to +4 ring of protection.
  2020 | D:3      | 2020 ||| UPGRADING to ring of protection from cold.
  2021 | D:3      | 2021 ||| READING scroll labelled GAUDEUKOYN.
  2022 | D:3      | 2022 ||| READING scroll labelled VECYKI ZITOS.
  2023 | D:3      | 2023 ||| DRINKING 2 emerald potions.
  2056 | D:4      | Noticed a black bear
  2070 | D:4      | Killed a black bear
  2071 | D:4      | Reached XP level 6. HP: 47/53 MP: 6/6
  2191 | D:4      | Found Dekhlol's Magic Scroll Shop.
  2208 | D:4      | HP: 12/53 [ogre/+0 giant club (27)]
  2209 | D:4      | 2209 ||| READING 2 scrolls of teleportation.
  2210 | D:4      | 2210 ||| DRINKING potion of heal wounds.
  2390 | D:4      | Reached skill level 6 in Ranged Weapons
  2574 | D:4      | 2574 ||| BUYING scroll of enchant armour (97 gold).
  2574 | D:4      | Bought a scroll of enchant armour for 97 gold pieces
  2574 | D:4      | 2574 ||| SHOPLISTING scroll of enchant weapon (97 gold,
                  | have 7).
  2574 | D:4      | 2574 ||| SHOPLISTING scroll of identify (26 gold, have 7).
  2574 | D:4      | 2574 ||| SHOPLISTING scroll of teleportation (39 gold, have
                  | 7).
  2574 | D:4      | 2574 ||| READING scroll of enchant armour.
  2574 | D:4      | 2574 ||| ENCHANTING +0 pair of gloves.
  2673 | D:4      | Noticed Pikel
  2695 | D:4      | HP: 12/53 [lemure[Pikel] (3)]
  2696 | D:4      | 2696 ||| READING 2 scrolls of teleportation.
  2696 | D:4      | HP: 4/53 [Pikel/+0 whip of freezing (8)]
  2697 | D:4      | Slain by a lemure

Levels and vault maps discovered:
D:1:      lightli_arrival_statue_moat, layout_basic,
          chequers_ecumenical_altar_simple_redux
D:2:      layout_loops_cross, basic_altar
D:3:      layout_rooms, mainiacjoe_overflow_swirl, gammafunk_ghost_mausoleum
D:4:      layout_basic, nicolae_elyvilon_temple_path, serial_shops, shop,
          uniq_pikel, uniq_grinder

Skill      XL: |  1  2  3  4  5  6 |
---------------+-------------------+-----
Ranged Weapons | 3 5 6 |  6.6
Fighting       | 2 4 |  4.3
Armour         | 1 |  1.0
Dodging        | |  2.1
Spellcasting   | |  1.0
Hexes          | |  2.0

Action                     |  1- 3 |  4- 6 || total
---------------------------+-------+-------++-------
   Fire: Sling             |   137 |   125 ||   262
    Use: Scroll            |     5 |     5 ||    10
         Potion            |     4 |     2 ||     6
 Armour: Robe              |     2 |       ||     2
         Ring mail         |    27 |    44 ||    71
  Dodge: Dodged            |    33 |    69 ||   102

Table legend:
 A = Non-vault XP
 B = Vault XP
 C = Vault XP percentage of total XP
 D = Non-vault monster count
 E = Vault monster count
 F = Vault count percentage of total count
                 A         B        C        D         E       F
            +---------+---------+-------+---------+---------+-------
      Total |     588 |       0 |   0.0 |      72 |       0 |   0.0
            +---------+---------+-------+---------+---------+-------
        D:1 |      34 |       0 |   0.0 |      20 |       0 |   0.0
        D:2 |      43 |       0 |   0.0 |      17 |       0 |   0.0
        D:3 |     176 |       0 |   0.0 |      18 |       0 |   0.0
        D:4 |     335 |       0 |   0.0 |      17 |       0 |   0.0
            +---------+---------+-------+---------+---------+-------
